Map: Daybreak LE (Void)

Players

Rex

  • Race: Zerg Zerg
  • Spawn Location: 7:00

harstem - Winner!

  • Race: Protoss Protoss
  • Spawn Location: 1:00

Event: WESG 2016 Finals

VOD

Have the link to the VOD?

Description

Time

  • Played on: Jan. 12, 2017, 7:40 a.m.
  • Length: 11:03

All games in this series

Show
View Real Time Build Order
Export as new Build Order

Rex Zerg 

Build Orders: Pool First 

Get SALT Encoding   

  12  0:17  Spawning Pool  
  11  0:23  Drone  
  11  0:28  Drone  
  13  0:32  Drone  
  14  0:42  Overlord  
  14  1:04  Zergling x4  
  14  1:06  Zergling x2  
  17  1:17  Hatchery  
  16  1:23  Zergling x2  
  17  1:32  Queen  
  19  1:36  Drone  
  20  1:40  Drone  
  21  1:50  Drone  
  22  2:10  Hatchery  
  21  2:20  Drone  
  22  2:33  Queen  
  22  2:34  Queen  
  26  2:37  Drone  
  26  2:41  Drone  
  27  2:53  Overlord  
  27  3:07  Overlord  
  27  3:10  Queen  
  29  3:15  Zergling x8  
  33  3:23  Zergling x2  
  34  3:27  Zergling x4  
  34  3:32  Zergling x2  
  35  3:39  Queen  
  32  3:42  Zergling x4  
  34  3:53  Zergling x6  
  34  3:54  Zergling x2  
  32  3:57  Zergling x2  
  32  3:58  Zergling x2  
  32  4:02  Zergling x2  
  34  4:06  Zergling x2  
  34  4:08  Zergling x2  
  36  4:11  Zergling x2  
  36  4:16  Drone  
  32  4:33  Drone  
  32  4:34  Drone x6  
  39  4:43  Drone  
  39  4:44  Spore Crawler  
  39  4:45  Drone  
  40  4:48  Drone  
  41  4:55  Drone x2  
  41  4:58  Drone  
  43  5:10  Drone  
  43  5:11  Drone x5  
  49  5:15  Overlord  
  49  5:21  Overlord  
  49  5:23  Extractor  
  49  5:24  Extractor  
  46  5:28  Queen  
  47  5:37  Spore Crawler x2  
  47  5:41  Drone  
  47  5:42  Drone x4  
  50  5:45  Drone  
  50  5:48  Drone x2  
  53  5:53  Drone  
  53  5:54  Drone  
  53  5:57  Drone  
  56  6:02  Overlord  
  56  6:03  Drone x3  
  57  6:08  Drone  
  58  6:11  Drone x2  
  58  6:12  Overlord  
  58  6:13  Drone  
  58  6:14  Drone  
  62  6:18  Lair, Extractor  
  62  6:21  Drone x2  
  62  6:23  Drone  
  62  6:24  Drone  
  65  6:28  Drone  
  65  6:29  Drone  
  65  6:32  Drone  
  68  6:33  Metabolic Boost  
  68  6:35  Drone  
  68  6:36  Drone  
  68  6:37  Drone  
  71  6:40  Drone, Overlord  
  71  6:44  Drone  
  71  6:45  Drone, Extractor  
  71  6:46  Drone, Evolution Chamber  
  73  6:49  Drone  
  73  6:50  Drone  
  73  6:52  Drone x2  
  73  6:53  Zergling x2  
  73  6:54  Zergling x4  
  77  7:04  Zergling x4  
  77  7:05  Zergling x4  
  77  7:08  Drone x2  
  76  7:11  Zerg Missile Weapons Level 1  
  76  7:15  Drone x2, Overlord  
  76  7:19  Drone  
  77  7:23  Hydralisk Den  
  77  7:28  Drone x6  
  79  7:31  Drone x2  
  79  7:34  Drone  
  79  7:36  Drone x3  
  85  7:37  Drone  
  85  7:39  Drone, Extractor  
  85  7:40  Drone  
  85  7:42  Extractor  
  86  7:50  Drone  
  86  7:51  Drone  
  86  7:53  Muscular Augments  
  86  7:55  Hatchery  
  85  7:59  Overseer  
  85  8:06  Baneling Nest  
  85  8:09  Hydralisk  
  85  8:10  Hydralisk x4  
  85  8:12  Overlord  
  94  8:15  Hydralisk  
  96  8:21  Overlord x2  
  96  8:22  Overlord  
  96  8:32  Hydralisk x4  
  104  8:35  Overlord  
  104  8:36  Overlord  
  104  8:37  Overlord  
  103  8:49  Hydralisk x4  
  103  8:55  Centrifical Hooks  
  111  9:00  Hydralisk  
  111  9:01  Hydralisk x2  
  117  9:05  Zerg Melee Weapons Level 1  
  117  9:10  Hydralisk  
  117  9:11  Hydralisk x4  
  127  9:17  Zergling x10  
  126  9:25  Zergling x12  
  120  9:31  Zergling x2  
  120  9:32  Zergling x8  
  125  9:41  Hydralisk x4  
  125  9:43  Zergling x6  
  136  9:46  Baneling  
  136  9:47  Baneling x5  
  136  9:48  Baneling x2  
  136  9:49  Baneling  
  136  9:50  Baneling x3  
  136  9:51  Baneling  
  136  9:52  Baneling x2  
  136  9:53  Baneling x2  
  136  9:54  Baneling  
  136  9:55  Baneling x2  
  136  9:56  Baneling x2  
  136  10:01  Overseer  
  136  10:07  Zergling x2  
  136  10:08  Zergling x14  
  124  10:23  Zergling x18  
  124  10:24  Zergling x10  
  125  10:40  Zergling x14  
  125  10:41  Zergling x4  
Show
View Real Time Build Order
Export as new Build Order

harstem Protoss - Winner!

Build Orders:  

Get SALT Encoding   

  12  0:01  Probe (Chrono Boost)  
  13  0:11  Probe (Chrono Boost)  
  14  0:19  Pylon  
  14  0:22  Probe (Chrono Boost)  
  15  0:38  Probe (Chrono Boost)  
  16  0:44  Gateway  
  16  0:48  Probe (Chrono Boost)  
  16  0:49  Assimilator  
  17  0:59  Probe (Chrono Boost)  
  18  1:09  Probe (Chrono Boost)  
  18  1:11  Gateway  
  19  1:20  Probe (Chrono Boost)  
  20  1:27  Zealot  
  23  1:32  Cybernetics Core  
  23  1:35  Pylon  
  23  1:40  Probe (Chrono Boost)  
  23  1:51  Zealot  
  24  1:55  Probe (Chrono Boost)  
  25  2:10  Adept  
  25  2:12  Mothership Core (Chrono Boost)  
  25  2:14  Pylon  
  29  2:20  Adept  
  31  2:41  Nexus  
  31  2:43  Adept  
  33  2:54  Probe (Chrono Boost)  
  33  2:57  Assimilator  
  35  3:06  Probe (Chrono Boost)  
  35  3:10  Twilight Council  
  35  3:16  Probe (Chrono Boost)  
  35  3:19  Warp Gate  
  36  3:21  Pylon  
  36  3:34  Probe (Chrono Boost)  
  36  3:37  Stargate  
  36  3:42  Adept  
  36  3:45  Probe (Chrono Boost)  
  39  3:55  Probe (Chrono Boost)  
  40  4:02  Probe (Chrono Boost)  
  41  4:06  Probe (Chrono Boost)  
  42  4:10  Adept  
  42  4:13  Probe (Chrono Boost)  
  46  4:17  Probe (Chrono Boost)  
  46  4:19  Oracle  
  46  4:23  Probe (Chrono Boost)  
  48  4:29  Probe (Chrono Boost)  
  45  4:34  Probe (Chrono Boost)  
  46  4:40  Probe (Chrono Boost)  
  46  4:45  Probe (Chrono Boost)  
  48  4:50  Probe (Chrono Boost)  
  49  4:56  Oracle, Nexus, Probe (Chrono Boost)  
  49  4:59  Pylon  
  53  5:11  Probe (Chrono Boost)  
  54  5:16  Probe (Chrono Boost)  
  52  5:21  Probe (Chrono Boost)  
  52  5:30  Probe (Chrono Boost)  
  52  5:32  Probe (Chrono Boost)  
  54  5:37  Robotics Facility  
  54  5:39  Assimilator  
  54  5:41  Probe (Chrono Boost), Forge, Assimilator  
  54  5:42  Probe (Chrono Boost)  
  56  5:43  Sentry, Adept  
  56  5:44  Gateway  
  56  5:48  Pylon  
  60  5:51  Probe (Chrono Boost), Pylon  
  60  5:53  Probe (Chrono Boost)  
  60  5:55  Pylon  
  62  5:57  Pylon  
  62  6:02  Protoss Ground Weapons Level 1  
  62  6:06  Probe (Chrono Boost)  
  62  6:07  Probe (Chrono Boost)  
  62  6:08  Probe (Chrono Boost)  
  65  6:17  Probe (Chrono Boost)  
  67  6:19  Twilight Council, Probe x2 (Chrono Boost)  
  67  6:21  Adept x2  
  72  6:27  Probe (Chrono Boost)  
  72  6:31  Probe (Chrono Boost)  
  74  6:34  Immortal  
  74  6:36  Phoenix  
  81  6:40  Probe (Chrono Boost)  
  81  6:42  Probe (Chrono Boost)  
  81  6:43  Probe (Chrono Boost)  
  81  6:46  Pylon  
  83  6:51  Zealot x2  
  83  6:52  Probe (Chrono Boost)  
  86  7:17  Immortal  
  86  7:18  Probe x2 (Chrono Boost)  
  86  7:20  Gateway  
  86  7:22  Gateway  
  90  7:23  Gateway x2  
  90  7:27  Charge  
  90  7:28  Pylon  
  90  7:29  Assimilator  
  90  7:30  Probe (Chrono Boost)  
  90  7:32  Probe (Chrono Boost)  
  90  7:34  Assimilator  
  90  7:35  Templar Archives  
  89  7:37  Gateway, Probe (Chrono Boost)  
  89  7:42  Probe (Chrono Boost), Protoss Ground Weapons Level 2  
  91  7:52  Zealot x3  
  91  7:53  Immortal  
  91  7:57  Probe (Chrono Boost), Pylon  
  102  8:00  Pylon  
  102  8:05  Probe (Chrono Boost), Pylon  
  102  8:15  High Templar x2  
  106  8:24  High Templar x2  
  106  8:25  Zealot x3, Photon Cannon  
  116  8:27  Warp Prism  
  116  8:29  Archon  
  116  8:32  Archon  
  118  8:34  Zealot  
  118  8:49  High Templar x2  
  118  8:52  Nexus  
  118  8:54  Archon, Pylon  
  124  8:56  Probe (Chrono Boost)  
  124  8:57  Probe x2 (Chrono Boost)  
  124  9:01  Zealot, High Templar x2  
  124  9:02  Zealot x3  
  137  9:05  Pylon  
  137  9:07  Probe (Chrono Boost)  
  137  9:08  Probe (Chrono Boost)  
  134  9:10  Probe (Chrono Boost)  
  134  9:11  Archon  
  130  9:30  Zealot x4  
  130  9:31  Zealot x2  
  139  9:38  Probe (Chrono Boost)  
  139  9:39  Probe (Chrono Boost)  
  139  9:40  Probe (Chrono Boost)  
  139  9:42  Immortal  
  141  9:50  Probe (Chrono Boost)  
  141  9:51  High Templar x2  
  141  9:52  High Templar x2  
  154  9:54  Assimilator  
  154  9:57  Archon  
  154  9:58  Assimilator, Archon  
  153  10:02  Photon Cannon  
  153  10:03  Zealot x4  
  145  10:25  Zealot x8  
  165  10:39  Probe (Chrono Boost), Gateway  
  165  10:40  Gateway  
  165  10:42  Probe (Chrono Boost)  
  165  10:45  Zealot x4  
  165  10:46  Zealot  
  165  10:47  Zealot  
  167  10:54  Zealot x2  
Tags
 
Add a new tag
Caveats
  • Supply blocks, unpowered buildings, or Contaminate may cause inaccurate times.
  • Supply counts are checked every 10 seconds.